 Dungeon Crawl Stone Soup version 0.20.1-1-g8b1a95d (webtiles) character file.

543 KleinerIrrer the Magician (level 7, -23/46 HPs)
             Began as a Mummy Ice Elementalist on July 7, 2017.
             Was an Initiate of Sif Muna.
             Annihilated by an ogre
             ... wielding a +0 giant spiked club
              (25 damage)
             ... on level 6 of the Dungeon.
             The game lasted 00:13:16 (4961 turns).

KleinerIrrer the Magician (Mummy Ice Elementalist)  Turns: 4961, Time: 00:13:17

Health: -23/46     AC:  7    Str: 11    XL:     7   Next: 6%
Magic:  13/15      EV: 10    Int: 16    God:    Sif Muna [......]
Gold:   195        SH:  0    Dex: 13    Spells: 7/17 levels left

rFire    x . .     SeeInvis .   p - +5 spear
rCold    + . .     Gourm    .   (no shield)
rNeg     + + +     Faith    .   x - +0 ring mail (curse)
rPois    ∞         Spirit   .   j - +0 helmet
rElec    .         Reflect  .   (no cloak)
rCorr    .         Harm     .   u - +0 pair of gloves
MR       +....                  (no boots)
Stlth    ++........             i - amulet of regeneration
Regen    0.6/turn               m - ring of stealth
MPRegen  0.2/turn               r - ring of protection from magic

@: no status effects
A: no food or potions, fire vulnerability, cold resistance 1, negative energy
resistance 3, torment resistance, unbreathing
a: Renounce Religion


You were on level 6 of the Dungeon.
You worshipped Sif Muna.
Sif Muna was noncommittal.
You were not hungry.

You visited 2 branches of the dungeon, and saw 7 of its levels.

You collected 195 gold pieces.

Inventory:

Hand Weapons
 h - a +1 dagger of draining
 p - a +5 spear (weapon)
 w - a cursed -3 hand axe
Missiles
 g - 113 arrows
Armour
 a - a +0 robe
 j - a +0 helmet (worn)
 u - a +0 pair of gloves (worn)
 v - a +0 leather armour
 x - a cursed +0 ring mail (worn)
Jewellery
 i - an amulet of regeneration (around neck)
 m - a ring of stealth (left hand)
 r - a ring of protection from magic (right hand)
 s - an uncursed ring of flight {unknown}
Wands
 l - a wand of digging (12/24)
 n - a wand of polymorph (18/24)
Scrolls
 c - a scroll of random uselessness
 d - a scroll of remove curse
 f - a scroll of teleportation
 k - 2 scrolls of identify
 o - a scroll of magic mapping {unknown}
 q - 3 scrolls of enchant armour {unknown}
 t - a scroll of enchant weapon {unknown}
Books
 b - a book of Frost

   Spells                             Type                      Level
   a - Freeze                         Ice                          1
   b - Throw Frost                    Conjuration/Ice              2
   c - Ozocubu's Armour               Charms/Ice                   3
   d - Throw Icicle                   Conjuration/Ice              4
   e - Summon Ice Beast               Ice/Summoning                4


   Skills:
 - Level 1.5 Dodging
 - Level 1.5 Stealth
 + Level 5.6 Spellcasting
 - Level 0.7 Conjurations
 * Level 1.4 Summonings
 * Level 5.4 Ice Magic


You had 7 spell levels left.
You knew the following spells:

 Your Spells              Type           Power        Failure   Level  Hunger
a - Freeze                Ice            ###.         3%          1    N/A
b - Throw Frost           Conj/Ice       ##....       14%         2    N/A
c - Summon Ice Beast      Ice/Summ       ###.....     63%         4    N/A
d - Ozocubu's Armour      Chrm/Ice       ##......     34%         3    N/A

Dungeon Overview and Level Annotations

Branches:
Dungeon (6/15)             Temple (1/1) D:4

Altars:
Ashenzari
Dithmenos
Elyvilon
Fedhas
Gozag
Hepliaklqana
Kikubaaqudgha
Makhleb
Nemelex Xobeh
Okawaru
Ru
Sif Muna
Trog
Uskayaw
Vehumet
Xom
Yredelemnul
Zin
The Shining One


Innate Abilities, Weirdness & Mutations

You do not eat or drink.
Your flesh is vulnerable to fire.
You are immune to poison.
Your flesh is cold resistant. (rC+)
You are immune to negative energy. (rN+++)
You are immune to unholy pain and torment.
You can survive without breathing.


Message History

Casting: Freeze
Confirm with . or Enter, or press ? or * to list all spells.
Aiming: Freeze
Press: ? - help, Shift-Dir - straight line, f/p - ogre
Aim: an ogre, wielding a giant spiked club (lightly wounded)
You freeze the ogre.
The ogre is moderately wounded.
The hound barely misses you. The worker ant misses you.
The ogre hits you with a giant spiked club!!
* * * LOW HITPOINT WARNING * * *
The hound bites you but does no damage.
As you read the scroll labeled ETHRUZ YCHAOHAKH, it crumbles to dust.
It is a scroll of amnesia.
Forget which spell ([?*] list [ESC] exit)?
Forget which spell ([?*] list [ESC] exit)?
Okay, then.
The worker ant closely misses you. The hound bites you but does no damage.
The ogre hits you with a giant spiked club!!
Ouch! That really hurt!
You die...

#.# #.# #.#
#### #.# ...
#.#
#.##.######
#.......O..#
#.O#.#####.#
#.@#...
#ah####..
#... ...
....# .#
##...# #
....# ##..#
...#


You could see an ogre, a hound and a worker ant.

Vanquished Creatures
  A sky beast (D:4)
  A scorpion (D:4)
  A howler monkey (D:5)
  A crimson imp (D:5)
  3 hounds
  A worker ant (D:4)
  2 iguanas (D:4)
  A hound skeleton (D:4)
  Robin (D:2)
  2 worker ant zombies (D:5)
  2 adders
  An ooze (D:1)
  A worm (D:4)
  2 dart slugs (D:2)
  2 leopard geckos
  7 orcs
  4 giant cockroaches
  5 hobgoblins
  4 jackals (D:5)
  7 kobolds
  A quokka (D:2)
  2 ball python skeletons
  8 bats
  4 frilled lizards
  13 goblins
  A quokka skeleton (D:4)
  10 rats
88 creatures vanquished.

Notes
Turn   | Place    | Note
-------+----------+-------------------------------------------
     0 | D:1      | KleinerIrrer the Mummy Ice Elementalist began the quest for the Orb.
     0 | D:1      | Reached XP level 1. HP: 13/13 MP: 4/4
   535 | D:1      | Reached XP level 2. HP: 19/19 MP: 5/5
   646 | D:1      | Learned a level 2 spell: Throw Frost
  1227 | D:2      | Reached XP level 3. HP: 23/24 MP: 7/7
  1302 | D:2      | Noticed Robin
  1733 | D:2      | Killed Robin
  2122 | D:3      | Found a burning altar of Makhleb.
  2145 | D:3      | Reached XP level 4. HP: 29/30 MP: 9/9
  2303 | D:3      | Found a blossoming altar of Fedhas.
  2733 | D:4      | Learned a level 4 spell: Summon Ice Beast
  2951 | D:4      | Found a shadowy altar of Dithmenos.
  2985 | D:4      | Reached XP level 5. HP: 18/35 MP: 6/11
  3183 | D:4      | Found a staircase to the Ecumenical Temple.
  3214 | Temple   | Entered the Ecumenical Temple
  3477 | D:4      | Found a deep blue altar of Sif Muna.
  3480 | D:4      | Became a worshipper of Sif Muna the Loreminder
  3758 | D:5      | Entered Level 5 of the Dungeon
  3758 | D:5      | Noticed a sky beast
  3779 | D:4      | Reached skill level 1 in Summonings
  3779 | D:4      | Reached XP level 6. HP: 10/41 MP: 11/13
  3842 | D:4      | Learned a level 3 spell: Ozocubu's Armour
  3859 | D:4      | Killed a sky beast
  3859 | D:4      | Reached skill level 5 in Spellcasting
  3859 | D:4      | Reached skill level 5 in Ice Magic
  4179 | D:5      | Found a faded altar of an unknown god.
  4179 | D:5      | Found a glowing silver altar of Zin.
  4186 | D:5      | Found a basalt altar of Yredelemnul.
  4209 | D:5      | Found a faded altar of an unknown god.
  4211 | D:5      | Found a sacrificial altar of Ru.
  4714 | D:5      | Reached XP level 7. HP: 30/46 MP: 15/15
  4960 | D:6      | HP: 1/46 [ogre/giant spiked club (18)]
  4961 | D:6      | Annihilated by an ogre

Skill      XL: |  1  2  3  4  5  6 |
---------------+-------------------+-----
Spellcasting   | 3 4 5 |  5.6
Ice Magic      | 3 4 5 |  5.4
Summonings     | 1 |  1.4
Dodging        | |  1.5
Stealth        | |  1.5
Conjurations   | |  0.7

Action                   |  1- 3 |  4- 6 |  7- 9 || total
-------------------------+-------+-------+-------++-------
Melee: Short sword       |     7 |       |       ||     7
       Unarmed           |     1 |       |       ||     1
       Dagger            |    59 |    43 |       ||   102
       Spear             |       |   142 |    19 ||   161
 Cast: Freeze            |    24 |    10 |     2 ||    36
       Throw Frost       |     7 |     3 |       ||    10
       Ozocubu's Armour  |       |     1 |       ||     1
  Use: Scroll            |       |     3 |     1 ||     4
 Stab: Sleeping          |     4 |     5 |       ||     9
Armor: Robe              |    16 |    46 |       ||    62
       Ring mail         |       |       |     9 ||     9
Dodge: Dodged            |    60 |   103 |    17 ||   180
